 Dungeon Crawl Stone Soup version 0.26-a0-149-g49b1be5409 (webtiles) character file.

Game seed: 674567346760053496

90 Murumi the Chopper (level 4, -1/40 HPs)
             Began as a Hill Orc Monk on June 30, 2020.
             Killed from afar by Natasha (10 damage)
             ... with a magic dart
             ... on level 2 of the Dungeon.
             The game lasted 00:07:48 (1523 turns).

Murumi the Chopper (Hill Orc Monk)                  Turns: 1523, Time: 00:07:48

Health: -1/40      AC:  5    Str: 14    XL:     4   Next: 56%
Magic:  4/4        EV: 13    Int: 10    God:
Gold:   56         SH:  0    Dex: 13    Spells: 3/3 levels left

rFire    . . .     SeeInvis .   a - +0 hand axe
rCold    . . .     Faith    .   (no shield)
rNeg     . . .     Spirit   .   h - +0 leather armour
rPois    .         Reflect  .   (no helmet)
rElec    .         Harm     .   (no cloak)
rCorr    .                      (no gloves)
MR       .....                  g - +1 pair of boots
Stlth    ++........             d - amulet of regeneration
HPRegen  0.53/turn              (no ring)
MPRegen  0.09/turn              (no ring)

@: no status effects
A: no striking features
a: no special abilities


You were on level 2 of the Dungeon.
You were not hungry.

You visited 1 branch of the dungeon, and saw 2 of its levels.

You collected 56 gold pieces.

Inventory:

Hand Weapons
 a - a +0 hand axe (weapon)
Armour
 g - a +1 pair of boots (worn)
 h - a +0 leather armour (worn)
Jewellery
 d - an amulet of regeneration (around neck)
Scrolls
 f - a scroll of teleportation
 i - a scroll of identify
Potions
 e - a potion of heal wounds
Comestibles
 c - 2 rations


   Skills:
 - Level 4.0 Fighting
 + Level 4.6 Axes
 - Level 3.0 Armour
 - Level 3.0 Dodging
 - Level 1.5 Stealth


You had 3 spell levels left.
You didn't know any spells.
Your spell library was empty.

Dungeon Overview and Level Annotations

Branches:
Dungeon (2/15)

Altars:

Annotations:
D:2 Natasha, Terence


Message History

Terence is heavily wounded.
Terence barely misses you.
You hit Terence but do no damage.
Terence is heavily wounded.
Terence hits you with a +1 morningstar of holy wrath!
Okay, then.
You hit Terence but do no damage.
Terence is heavily wounded.
Terence hits you with a +1 morningstar of holy wrath!
* * * LOW HITPOINT WARNING * * *
There is an open door here.
Natasha, Servant of Life and Death comes into view.
There is an open door here.
Natasha hisses angrily.
Natasha casts a spell at you. The magic dart hits you.
* * * LOW HITPOINT WARNING * * *
Natasha stares at you and mumbles some strange words.
The magic dart hits you!
You die...

#.........# ###.#######.#
######### #...).# #.# #...#...##
#.....#####.######...#....#
####.........................####
.......)........................)
######(##....†.######...##'####..
#......##..h...######...##.####..
........'.......@.@S'.g..#.S.Sg..
#<#######...#########.....####s..
### #...# #####.# #... ..# #####
#.# ##.. #.# #.# #.# #.# #.# #.#
+ # #. #.# # #.# #


You could see Terence, Natasha, an adder and a hobgoblin.

Vanquished Creatures
  Natasha (D:2)
  An adder (D:2)
  2 dart slugs (D:1)
  3 leopard geckos
  5 bats
  A giant cockroach (D:1)
  9 goblins
  4 hobgoblins
  6 jackals
  A ball python (D:1)
  6 frilled lizards
  7 kobolds
  2 rats (D:1)
48 creatures vanquished.

Notes
Turn   | Place    | Note
-------+----------+-------------------------------------------
     0 | D:1      | Murumi the Hill Orc Monk began the quest for the Orb.
     0 | D:1      | Reached XP level 1. HP: 19/19 MP: 1/1
   232 | D:1      | Reached XP level 2. HP: 24/27 MP: 2/2
   868 | D:1      | Reached skill level 1 in Armour
   903 | D:1      | Reached XP level 3. HP: 29/33 MP: 3/3
  1292 | D:2      | Reached XP level 4. HP: 4/40 MP: 4/4
  1426 | D:2      | Noticed Natasha
  1441 | D:2      | Killed Natasha
  1480 | D:2      | Noticed Terence
  1519 | D:2      | Noticed Natasha
  1523 | D:2      | Killed from afar by Natasha

Illustrated notes

Levels and vault maps discovered:
D:1:      dpeg_arrival_oval, layout_basic, minmay_indecisive_spiral
D:2:      layout_basic, tgw_trog, uniq_terence, uniq_natasha

Skill      XL: |  1  2  3  4 |
---------------+-------------+-----
Fighting       | 4 |  4.0
Dodging        | 3 |  3.0
Armour         | 1 2 3 |  3.0
Axes           | |  4.6
Stealth        | |  1.5

Action                   |  1- 3 |  4- 6 || total
-------------------------+-------+-------++-------
Melee: Hand axe          |   129 |    45 ||   174
  Use: Scroll            |     5 |     1 ||     6
       Potion            |     2 |       ||     2
 Stab: Sleeping          |     3 |       ||     3
       Distracted        |     1 |       ||     1
       Invisible         |     1 |       ||     1
  Eat: Chunk             |     1 |     1 ||     2
Armor: Robe              |    17 |       ||    17
       Skin              |    13 |       ||    13
       Leather armour    |    17 |     4 ||    21
Dodge: Dodged            |   111 |    35 ||   146

Table legend:
 A = Non-vault XP
 B = Vault XP
 C = Vault XP percentage of total XP
 D = Non-vault monster count
 E = Vault monster count
 F = Vault count percentage of total count
                 A         B        C        D         E       F
            +---------+---------+-------+---------+---------+-------
      Total |      87 |      42 |  32.6 |      43 |       5 |  10.4
            +---------+---------+-------+---------+---------+-------
        D:1 |      51 |       7 |  12.1 |      28 |       4 |  12.5
        D:2 |      36 |      35 |  49.3 |      15 |       1 |   6.2
            +---------+---------+-------+---------+---------+-------
